 Dungeon Crawl Stone Soup version 0.24.0-37-gcf1ca852f1 (webtiles) character file.

Game seed: 4322968831545936756, levelgen mode: deterministic

4785 eccles the Cleaver (level 10, -10/79 HPs)
             Began as a Demonspawn Berserker on Nov 22, 2019.
             Was a High Priest of Trog.
             Shot with an arrow by a centaur warrior (24 damage)
             ... on level 12 of the Dungeon on Nov 27, 2019.
             The game lasted 00:50:52 (8341 turns).

eccles the Cleaver (Demonspawn Berserker)           Turns: 8341, Time: 00:50:56

Health: -10/79     AC: 11    Str: 21    XL:     10   Next: 24%
Magic:  10/10      EV:  9    Int:  8    God:    Trog [*****.]
Gold:   182        SH:  0    Dex: 16    Spells: 9/9 levels left

rFire    . . .     SeeInvis .   a - +3 war axe
rCold    + . .     Gourm    .   (no shield)
rNeg     . . .     Faith    .   k - +1 chain mail
rPois    +         Spirit   .   E - +0 hat of Bad Feelings {rC+ Dex+3}
rElec    .         Reflect  .   (no cloak)
rCorr    .         Harm     .   (no gloves)
MR       +....                  (no boots)
Stlth    ..........             (no amulet)
HPRegen  0.23/turn              Q - ring of protection from magic
MPRegen  0.12/turn              m - ring of poison resistance

@: lethally poisoned (-10 -> -22), about to teleport, marked
A: antennae 2, claws 1, talons 2, spiny 2
a: Berserk, Trog's Hand, Brothers in Arms, Renounce Religion


You were on level 12 of the Dungeon.
You worshipped Trog.
Trog was extremely pleased with you.
You were not hungry.

You visited 1 branch of the dungeon, and saw 10 of its levels.
You also visited: Sewer and Ossuary.

You collected 526 gold pieces.
You spent 344 gold pieces at shops.

Inventory:

Hand Weapons
 a - a +3 war axe (weapon)
 J - a +5 hand crossbow of velocity
 N - a +0 flail
Missiles
 d - 242 stones
 j - 47 poisoned darts (quivered)
 n - 17 boomerangs
 q - 155 arrows
 v - 54 bolts
 A - 5 silver javelins
 M - 57 sling bullets
Armour
 k - a +1 chain mail (worn)
 E - the +0 hat of Bad Feelings (worn) {rC+ Dex+3}
   (You acquired it on level 9 of the Dungeon)

   It affects your dexterity (+3).
   It protects you from cold.
Jewellery
 e - an uncursed amulet of rage
 m - a ring of poison resistance (right claw)
 B - an uncursed ring of protection from magic
 K - an uncursed ring of positive energy
 Q - a ring of protection from magic (left claw)
 R - an uncursed amulet of regeneration {unknown}
Wands
 b - a wand of digging (7)
 l - a wand of polymorph (8)
 F - a wand of random effects (11)
 O - a wand of scattershot (5)
 P - a wand of paralysis (11)
Scrolls
 u - 5 scrolls of remove curse
 w - 6 scrolls of teleportation
 y - 3 scrolls of fear
 H - 2 scrolls of magic mapping
Potions
 f - a potion of heal wounds
 g - a potion of agility
 h - a potion of degeneration {unknown}
 i - 2 potions of berserk rage
 o - 4 potions of magic
 p - 3 potions of haste
 r - a potion of invisibility
 s - 3 potions of curing
 t - 4 potions of lignification
 x - 4 potions of brilliance
 z - 3 potions of might
 C - 2 potions of flight
 D - 2 potions of mutation
 G - a potion of ambrosia
 I - a potion of experience {unknown}
Comestibles
 c - 18 rations
 L - 14 chunks of flesh


   Skills:
 * Level 7.3 Fighting
 * Level 10.3 Axes
 + Level 3.2 Throwing
 + Level 5.9 Armour
 + Level 3.1 Dodging
 + Level 1.7 Stealth


You had 9 spell levels left.
You didn't know any spells.
Your spell library was empty.

Dungeon Overview and Level Annotations

Branches:
Dungeon (9/15)             Temple (0/1) D:6           Sewer (visited)
Ossuary (visited)
   Lair: D:8-11         Orc: D:9-12

Altars:
Dithmenos
Hepliaklqana
Kikubaaqudgha
Makhleb
Nemelex Xobeh
Ru
Sif Muna
Trog
Vehumet
Zin

Shops:
D:7 ?

Annotations:
D:6 5 runed translucent doors
D:12 Nessos


Innate Abilities, Weirdness & Mutations

You have a pair of antennae on your head.
You have sharp fingernails.
You have razor-sharp toenails.
You are mostly covered in sharp spines.


Message History

A centaur warrior comes into view.
Nessos shoots an arrow.
The arrow hits you!
* * * LOW HITPOINT WARNING * * *
The arrow burns you.
You are poisoned.
* * * LOW HITPOINT WARNING * * *
As you read the scroll of teleportation, it crumbles to dust.
You feel strangely unstable.
You feel sick.
The centaur warrior wields a +0 longbow.
The centaur warrior shoots an arrow.
The arrow hits you!
* * * LOW HITPOINT WARNING * * *
The ice beast is struck by your spines. The ice beast closely misses you.
You feel much better.
You feel sick.
Nessos blinks!
Nessos shoots an arrow.
The arrow hits you!
* * * LOW HITPOINT WARNING * * *
The arrow burns you.
* * * LOW HITPOINT WARNING * * *
A worker ant comes into view.
The centaur warrior shoots an arrow.
The arrow hits you!!
You die...

##. ##....# #.. #.....#
# ##.. ##...).# a.
#...## ##...#..##
.c.#....#####...##.[.#
..........##...####..#
................###..##
......................#
......Y@...####.........
..........## ####......
......ยง..## ###....
.........# #....
.........c #...
.....##.... ... .....
###.. ... #...# ##.


You could see Nessos, a centaur warrior, an ice beast and a worker ant.

Vanquished Creatures
  Pikel (D:7)
  Maurice (D:9)
  Psyche (D:9)
  A hippogriff (D:8)
  A spriggan (D:9)
  A wyvern (D:9)
  Menkaure (Ossuary)
  2 orc warriors (D:9)
  4 slaves (D:7)
  Purgy (Sewer)
  An ice beast (D:12)
  A phantom (D:9)
  2 black bears
  A centaur (D:12)
  An eye of draining (D:8)
  An ogre (D:5)
  A necrophage (D:9)
  A wyvern zombie (D:7)
  5 bullfrogs
  2 scorpions (D:6)
  2 howler monkeys (D:9)
  An electric eel (D:9)
  2 crimson imps
  A bullfrog zombie (D:7)
  A centaur zombie (D:8)
  A quasit (D:9)
  A centaur skeleton (D:4)
  5 hounds
  4 jellies
  7 orc priests
  5 orc wizards
  A bullfrog skeleton (D:3)
  3 iron imps (D:9)
  2 iguanas
  7 worker ants
  A hound zombie (D:6)
  A hound skeleton (D:5)
  3 mummies (Ossuary)
  A howler monkey zombie (D:8)
  12 adders
  3 gnolls (D:4)
  2 howler monkey skeletons
  3 shadow imps
  An ooze (D:5)
  6 worms
  6 leopard geckos
  24 orcs
  4 ball pythons
  3 giant cockroaches
  3 gnoll zombies (Ossuary)
  8 hobgoblins
  10 jackals
  4 quokkas
  7 bats
  8 frilled lizards
  4 gnoll skeletons (Ossuary)
  7 goblins
  11 goblin skeletons (Ossuary)
  3 goblin zombies (Ossuary)
  2 hobgoblin skeletons (Ossuary)
  3 hobgoblin zombies (Ossuary)
  A jackal skeleton (D:6)
  7 kobolds
  4 kobold skeletons (Ossuary)
  6 kobold zombies (Ossuary)
  2 leopard gecko skeletons
  An orc skeleton (Ossuary)
  7 orc zombies (Ossuary)
  A quokka zombie (D:5)
  5 rats
  3 rat skeletons (Ossuary)
  3 rat zombies (Ossuary)
253 creatures vanquished.

Notes
Turn   | Place    | Note
-------+----------+-------------------------------------------
     0 | D:1      | eccles the Demonspawn Berserker began the quest for the
                  | Orb.
     0 | D:1      | Reached XP level 1. HP: 18/18 MP: 1/1
   408 | D:1      | Gained mutation: You have sharp toenails. [demonic
                  | ancestry]
   408 | D:1      | Reached XP level 2. HP: 24/24 MP: 2/2
   602 | D:1      | Reached skill level 3 in Axes
   929 | D:2      | Gained mutation: You have a pair of small antennae on your
                  | head. [demonic ancestry]
   929 | D:2      | Reached XP level 3. HP: 26/29 MP: 3/3
   997 | D:2      | Reached ** piety under Trog
  1377 | D:2      | Found a sacrificial altar of Ru.
  1377 | D:2      | Found a sparkling altar of Nemelex Xobeh.
  1402 | D:2      | Reached XP level 4. HP: 37/37 MP: 4/4
  1849 | D:3      | Reached skill level 4 in Axes
  1905 | D:3      | Gained mutation: You have razor-sharp toenails. [demonic
                  | ancestry]
  1905 | D:3      | Reached XP level 5. HP: 28/42 MP: 5/5
  2397 | D:4      | Reached *** piety under Trog
  2451 | D:4      | Gained mutation: You are partially covered in sharp spines.
                  | [demonic ancestry]
  2451 | D:4      | Reached XP level 6. HP: 24/48 MP: 6/6
  2568 | D:4      | Reached skill level 5 in Axes
  2881 | D:4      | Found a glowing drain.
  2890 | Sewer    | Entered a sewer
  2998 | Sewer    | Noticed Purgy
  3014 | Sewer    | Killed Purgy
  3080 | Sewer    | Gained mutation: You are mostly covered in sharp spines.
                  | [demonic ancestry]
  3080 | Sewer    | Reached XP level 7. HP: 51/54 MP: 7/7
  3263 | D:4      | Received a gift from Trog
  3693 | D:5      | Entered Level 5 of the Dungeon
  3759 | D:5      | Found an ancient bone altar of Kikubaaqudgha.
  3891 | D:5      | Found a glowing silver altar of Zin.
  3924 | D:5      | Reached skill level 6 in Axes
  4303 | D:5      | Found a radiant altar of Vehumet.
  4321 | D:5      | Found a shimmering blue altar of Sif Muna.
  4508 | D:6      | Found a sand-covered staircase.
  4519 | Ossuary  | Entered an ossuary
  4546 | Ossuary  | Reached **** piety under Trog
  4794 | Ossuary  | Noticed Menkaure
  4799 | Ossuary  | Reached skill level 5 in Fighting
  4802 | Ossuary  | Killed Menkaure
  4802 | Ossuary  | Reached skill level 1 in Throwing
  4802 | Ossuary  | Gained mutation: You have sharp fingernails. [demonic
                  | ancestry]
  4802 | Ossuary  | Reached XP level 8. HP: 34/62 MP: 8/8
  4816 | Ossuary  | Reached ***** piety under Trog
  5293 | D:6      | Found a staircase to the Ecumenical Temple.
  5320 | D:6      | Found a runed translucent gate.
  5320 | D:6      | Found a runed translucent gate.
  5345 | D:6      | Found a runed translucent gate.
  5345 | D:6      | Found a runed translucent door.
  5355 | D:6      | Found the +9 staff of Olgreb {rPois}
  5355 | D:6      | Found a runed translucent door.
  5491 | D:6      | Found a shadowy altar of Dithmenos.
  5644 | D:6      | Reached skill level 7 in Axes
  5684 | D:7      | Found Xuur's Magic Scroll Shoppe.
  5687 | D:7      | Bought a scroll of identify for 26 gold pieces
  5687 | D:7      | Bought a scroll of identify for 26 gold pieces
  5765 | D:7      | You fall into a shaft and drop 2 floors!
  5765 | D:9      | Noticed Psyche
  5782 | D:9      | Killed Psyche
  5838 | D:9      | Reached skill level 8 in Axes
  5838 | D:9      | Reached skill level 5 in Armour
  5838 | D:9      | Reached XP level 9. HP: 23/68 MP: 9/9
  6097 | D:9      | Reached skill level 1 in Stealth
  6256 | D:9      | Found a burning altar of Makhleb.
  6667 | D:7      | Noticed Pikel
  6680 | D:7      | Killed Pikel
  6680 | D:7      | Reached skill level 9 in Axes
  6986 | D:7      | Bought 3 scrolls of enchant weapon for 292 gold pieces
  7004 | D:7      | Received a gift from Trog
  7030 | D:7      | Found a hazy altar of Hepliaklqana.
  8030 | D:9      | Identified a scroll of acquirement
  8031 | D:9      | Got a shimmering hat
  8037 | D:9      | Identified the +0 hat of Bad Feelings {rC+ Dex+3} (You
                  | acquired it on level 9 of the Dungeon)
  8126 | D:9      | Found a bloodstained altar of Trog.
  8193 | D:9      | Noticed Maurice
  8198 | D:9      | Killed Maurice
  8198 | D:9      | Gained mutation: You have a pair of antennae on your head.
                  | [demonic ancestry]
  8198 | D:9      | Reached XP level 10. HP: 73/79 MP: 10/10
  8229 | D:9      | Reached skill level 10 in Axes
  8237 | D:9      | Received a gift from Trog
  8303 | D:9      | You fall into a shaft and drop 3 floors!
  8335 | D:12     | Noticed Nessos
  8339 | D:12     | Noticed a centaur warrior
  8340 | D:12     | HP: 3/79 [centaur warrior/arrow (12)]
  8341 | D:12     | Shot with an arrow by a centaur warrior

Levels and vault maps discovered:
D:1:      scummos_arrival_gate, layout_basic
D:2:      layout_loops_cross, gammafunk_temple_overflow_pools, first_ration,
          uniq_natasha
D:3:      cheibrodos_helix_gallery, layout_basic,
          hangedman_abyss_or_decor_lesser_grid
D:4:      layout_cave_pods, cheibrodos_sewer_entry_bend, serial_glass,
          glass_columns_a, glass_columns_a, glass_columns_c, glass_columns_a,
          glass_columns_c, glass_columns_a, glass_columns_a, glass_columns_c,
          glass_columns_b, glass_columns_b
D:5:      layout_loops_corners, grunt_temple_overflow_magic_moments,
          old_standard_altar
D:6:      layout_loops_corners, nicolae_dithmenos_shadow_blocks,
          minmay_temple_entry_mist, chequers_ossuary_entry_cave,
          chequers_serial_rivers_micro_e, minmay_guarded_unrand_staff_of_olgreb
D:7:      layout_loops_ring, kennysheep_mini, serial_shops,
          nicolae_shop_statue_plus, hangedman_decor_growths,
          minmay_misc_feat_rugged, uniq_pikel
D:8:      layout_basic
D:9:      layout_stronghold, demons_altar, bloody_trog, erik_orc_2,
          grunt_pizzeria, uniq_psyche, uniq_maurice
D:12:     layout_layer_cave, uniq_nessos

Skill      XL: |  1  2  3  4  5  6  7  8  9 10 |
---------------+-------------------------------+-----
Axes           | 3 4 5 6 8 9 10 | 10.3
Armour         | 2 3 4 5 |  5.9
Dodging        | 2 3 |  3.1
Fighting       | 4 5 7 |  7.3
Throwing       | 1 3 |  3.2
Stealth        | 1 |  1.7

Action                   |  1- 3 |  4- 6 |  7- 9 | 10-12 || total
-------------------------+-------+-------+-------+-------++-------
Melee: Hand axe          |    86 |   169 |    50 |       ||   305
       Kick              |    16 |    43 |    86 |    10 ||   155
       War axe           |       |       |   218 |    33 ||   251
Throw: Dart              |    14 |       |     8 |       ||    22
       Javelin           |       |       |    34 |       ||    34
       Stone             |       |       |     2 |       ||     2
Invok: Berserk           |     1 |     1 |     3 |       ||     5
  Use: Scroll            |     2 |     2 |    22 |     1 ||    27
       Potion            |       |       |       |     1 ||     1
  Eat: Chunk             |     2 |     3 |    16 |     1 ||    22
       Ration            |       |     1 |     1 |       ||     2
Armor: Animal skin       |     3 |       |       |       ||     3
       Chain mail        |    51 |   130 |   126 |     7 ||   314
Dodge: Dodged            |    48 |   105 |   106 |    14 ||   273
